 Dungeon Crawl Stone Soup version 0.18-a0-1196-g09327cf (webtiles) character file.

6244 Ghalim the Basher (level 10, -7/71 HPs)
             Began as a Gargoyle Fighter on Jan 29, 2016.
             Was a High Priest of Okawaru.
             Mangled by Grum
             ... wielding a -1 glaive
              (19 damage)
             ... on level 9 of the Dungeon on Jan 30, 2016.
             The game lasted 00:30:21 (11523 turns).

Ghalim the Basher (Gargoyle Fighter)               Turns: 11523, Time: 00:30:21

Health: -7/71      AC: 17    Str: 29    XL:     10   Next: 93%
Magic:  9/10       EV:  7    Int:  8    God:    Okawaru [*****.]
Gold:   321        SH: 10    Dex:  9    Spells: 0 memorised, 9 levels left

rFire  . . .     SeeInvis .     E - +2 mace
rCold  . . .     Gourm    .     b - +0 scale mail
rNeg   + . .     Faith    .     c - +0 shield
rPois  ∞         Spirit   .     I - +2 hat
rElec  +         Dismiss  .     y - +0 cloak
rCorr  .         Reflect  .     (no gloves)
SustAt .         Harm     .     (no boots)
MR     .....                    (no amulet)
Stlth  ..........               (no ring)
                                (no ring)

@: mighty, not resistant to hostile enchantments, extremely unstealthy
A: negative energy resistance 1, electricity resistance, unbreathing,
petrification resistance, rot immunity, AC +7
a: Heroism, Finesse, Renounce Religion


You were on level 9 of the Dungeon.
You worshipped Okawaru.
Okawaru was extremely pleased with you.
You were hungry.

You visited 1 branch of the dungeon, and saw 9 of its levels.
You also visited: Sewer.

You collected 464 gold pieces.
You spent 143 gold pieces at shops.

Inventory:

Hand Weapons
 D - a +0 whip of electrocution
 E - a +2 mace (weapon)
Armour
 b - a +0 scale mail (worn)
 c - a +0 shield (worn)
 i - a +1 plate armour
 y - a +0 cloak (worn)
 G - a +1 helmet
 I - a +2 hat (worn)
 J - a +0 cloak of magic resistance
Jewellery
 H - an uncursed amulet of dismissal
Wands
 m - a wand of lightning (8/15)
 n - a wand of lightning (8/15)
 s - a wand of flame (25/48)
 t - a wand of fireball (6/15)
Scrolls
 e - a scroll of recharging
 k - a scroll of teleportation {unknown}
 o - a scroll of brand weapon {unknown}
 r - 4 scrolls of remove curse
 v - a scroll of fog
 w - a scroll of amnesia
 x - 2 scrolls of identify
 B - a scroll of random uselessness
Potions
 h - a potion of flight
 j - a potion of brilliance
 q - a potion of agility
 u - a potion of mutation
 z - a potion of magic
 C - a potion of invisibility {unknown}
Miscellaneous
 F - a fan of gales
Comestibles
 a - a beef jerky
 f - 4 bread rations
 g - 3 meat rations
 l - 5 royal jellies
 p - 4 slices of pizza


   Skills:
 + Level 11.7 Fighting
 + Level 12.2 Maces & Flails
 - Level 3.2 Armour
 - Level 3.2 Shields


You had 9 spell levels left.
You didn't know any spells.

Dungeon Overview and Level Annotations

Branches:
Dungeon (9/15)             Temple (0/1) D:7
   Lair: D:8-11         Orc: D:9-12

Altars:
Ashenzari
Elyvilon
Fedhas
Gozag
Makhleb
Nemelex Xobeh
Okawaru
Pakellas
Qazlal
Vehumet
Xom
Yredelemnul
Zin

Shops:
D:6 *

Annotations:
D:4 Menkaure
D:9 Grum


Innate Abilities, Weirdness & Mutations

You are resistant to torment.
Your stone body is resilient (AC +7).
You are immune to poison.
You resist negative energy.
You are resistant to electric shocks.
You can survive without breathing.
You are immune to petrification.
You are immune to rotting.


Message History

You block Grum's attack.
You sock Grum!
Grum is heavily wounded.
You block Grum's attack.
You closely miss Grum.
Grum is heavily wounded.
You closely miss Grum.
Grum is heavily wounded.
You feel like a meek peon again. Grum hits you with a glaive!
* * * LOW HITPOINT WARNING * * *
You hit Grum but do no damage.
Grum is heavily wounded.
Drink which item? (? for menu, Esc to quit)
You feel better. Grum hits you with a glaive.
* * * LOW HITPOINT WARNING * * *
Drink which item? (? for menu, Esc to quit)
You feel very mighty all of a sudden. Grum hits you with a glaive!!
You die...

#....#..#######
#....'..#......
#....#..#.<....
#....#..#......
#######....#..#......
#..........#..#......
#..hh..h...#..#....#.
####g###'######....._
#@##...s.......##.
#..#...g.......'..
#..#...........#..
#..#...........#..
#..#...........#..
#..'...........#..
####.....(.....###
.....############.
..p...# #.


You could see Grum and 2 wolves.

Vanquished Creatures
  Pikel (D:8)
  Maurice (D:8)
  A shadow (D:8)
  A vampire (D:9)
  5 yaks
  A wyvern (D:7)
  2 wolves (D:9)
  2 phantoms
  A black bear (D:7)
  2 ice beasts
  An ogre (D:5)
  4 centaurs
  A big kobold (D:8)
  5 giant frogs
  A wyvern skeleton (D:9)
  2 scorpions
  26 killer bees
  6 wights
  4 crimson imps
  A gnoll shaman (D:7)
  2 hounds
  7 orc wizards
  4 orc priests
  3 iguanas (D:6)
  Natasha (thrice) (D:2)
  7 worker ants
  A hound zombie (D:9)
  14 gnolls
  17 adders
  2 shadow imps
  An ooze (D:5)
  An adder skeleton (D:7)
  A worm (D:2)
  7 giant geckos
  29 orcs
  14 giant cockroaches
  5 goblins
  5 hobgoblins
  8 jackals
  10 kobolds
  4 quokkas
  A ball python (Sewer)
  6 bats
  A giant gecko skeleton (D:8)
  19 giant newts
  A jackal skeleton (D:6)
  A jackal zombie (D:5)
  A quokka skeleton (D:5)
  9 rats
252 creatures vanquished.

Vanquished Creatures (others)
  A slave (D:8)
  A giant frog skeleton (D:9)
  A giant gecko (D:9)
3 creatures vanquished.

Grand Total: 255 creatures vanquished

Notes
Turn   | Place    | Note
--------------------------------------------------------------
     0 | D:1      | Ghalim the Gargoyle Fighter began the quest for the Orb.
     0 | D:1      | Reached XP level 1. HP: 14/14 MP: 1/1
   141 | D:1      | Reached XP level 2. HP: 16/19 MP: 2/2
   898 | D:2      | Reached XP level 3. HP: 13/23 MP: 3/3
  1430 | D:2      | Reached XP level 4. HP: 29/29 MP: 4/4
  1432 | D:2      | Found a stormy altar of Qazlal.
  1450 | D:2      | Reached skill level 4 in Maces & Flails
  1611 | D:3      | Noticed Natasha
  1623 | D:2      | Killed Natasha
  1623 | D:2      | Reached XP level 5. HP: 29/33 MP: 5/5
  1935 | D:2      | Noticed Natasha
  1953 | D:2      | Killed Natasha
  2189 | D:2      | Reached skill level 5 in Maces & Flails
  2413 | D:2      | Noticed Natasha
  2430 | D:2      | Killed Natasha
  2430 | D:2      | Reached XP level 6. HP: 7/40 MP: 6/6
  2914 | D:3      | Reached skill level 5 in Fighting
  3541 | D:4      | Noticed Menkaure
  3801 | D:4      | Reached skill level 6 in Maces & Flails
  3854 | D:4      | Reached XP level 7. HP: 38/44 MP: 7/7
  4015 | D:4      | Found an iron altar of Okawaru.
  4023 | D:4      | Became a worshipper of Warmaster Okawaru
  4338 | D:5      | Entered Level 5 of the Dungeon
  4344 | D:5      | Found a sparkling altar of Nemelex Xobeh.
  4600 | D:5      | Found a radiant altar of Vehumet.
  4865 | D:5      | Reached skill level 7 in Maces & Flails
  5358 | D:4      | Found a glowing silver altar of Zin.
  5358 | D:4      | Found a basalt altar of Yredelemnul.
  5455 | D:6      | Found Otiliris's General Store.
  5465 | D:6      | Reached * piety under Okawaru
  5465 | D:6      | Reached XP level 8. HP: 12/51 MP: 8/8
  5528 | D:6      | Found a glowing drain.
  5597 | Sewer    | Entered a sewer
  6008 | Sewer    | Reached skill level 8 in Maces & Flails
  7272 | D:6      | Reached ** piety under Okawaru
  7272 | D:6      | Reached skill level 9 in Maces & Flails
  7308 | D:6      | Found a shimmering altar of Xom.
  7485 | D:6      | Bought 3 scrolls of identify for 78 gold pieces
  7485 | D:6      | Bought a scroll of remove curse for 39 gold pieces
  7485 | D:6      | Bought a scroll of identify for 26 gold pieces
  7577 | D:7      | Found a staircase to the Ecumenical Temple.
  7665 | D:7      | Reached XP level 9. HP: 25/59 MP: 9/9
  8328 | D:7      | Reached skill level 10 in Maces & Flails
  8704 | D:7      | Found a blossoming altar of Fedhas.
  8704 | D:7      | Found a white marble altar of Elyvilon.
  8704 | D:7      | Found an oddly glowing altar of Pakellas.
  8712 | D:7      | Reached *** piety under Okawaru
  8713 | D:7      | Found a burning altar of Makhleb.
  9425 | D:8      | Reached XP level 10. HP: 68/68 MP: 10/10
  9426 | D:8      | Reached skill level 10 in Fighting
  9461 | D:8      | Found an opulent altar of Gozag.
  9517 | D:8      | Reached skill level 11 in Maces & Flails
  9578 | D:8      | Reached **** piety under Okawaru
 10003 | D:8      | Noticed Maurice
 10019 | D:8      | Killed Maurice
 10365 | D:9      | Noticed Pikel
 10384 | D:8      | Killed Pikel
 11022 | D:9      | Reached ***** piety under Okawaru
 11157 | D:9      | Found a shattered altar of Ashenzari.
 11201 | D:9      | Reached skill level 12 in Maces & Flails
 11447 | D:9      | Noticed Grum
 11523 | D:9      | Mangled by Grum

Vault maps used:
D:1:      dpeg_arrival_leaves_temple_mockup
D:2:      grunt_qazlal_sundering
D:3:      uniq_natasha
D:4:      kennysheep_okawaru_gauntlet, nicolae_overflow_hidden_temple,
          uniq_menkaure
D:5:      lemuel_crystal_altar, first_bread, nemelex_xobeh_ov_fountains_minmay
D:6:      lemuel_coloured_pillars_altar, gup_sewer_entry_glass, serial_shops,
          shop_fountains
D:7:      black_bear_nest_1, minitemple, temple_pool_b
D:8:      grunt_gozag_breadcrumbs, uniq_maurice
D:9:      lemuel_crystal_altar, kennysheep_little_box, uniq_grum, uniq_erica,
          uniq_pikel
Sewer:    sewer_frog_island_01

Action                   |  1- 3 |  4- 6 |  7- 9 | 10-12 || total
-------------------------+-------+-------+-------+-------++-------
Melee: Flail             |   155 |   218 |   337 |       ||   710
       Mace              |       |       |   352 |   259 ||   611
Invok: Heroism           |       |       |     3 |     2 ||     5
  Use: Potion            |       |     1 |     5 |     2 ||     8
       Scroll            |       |       |    16 |     2 ||    18
  Eat: Chunk             |     2 |     7 |    20 |     5 ||    34
       Beef jerky        |       |       |       |     1 ||     1
